 Dungeon Crawl Stone Soup version 0.31-a0-826-ga5cc291a1b (webtiles) character file.

Game seed: 12108566048569781295

14 qw the Shooter (level 2, -2/17 HPs)
             Began as a Gargoyle Hunter on Sept 23, 2023.
             Slain by Terence
             ... wielding a +0 falchion
              (6 damage)
             ... on level 2 of the Dungeon.
             The game lasted 00:00:09 (256 turns).

qw the Shooter (Gargoyle Hunter)                     Turns: 256, Time: 00:00:09

Health: -2/17      AC:  7    Str: 14    XL:     2   Next: 45%
Magic:  2/2        EV: 10    Int:  9    God:
Gold:   25         SH:  0    Dex: 13    Spells: 1/1 levels left

rFire   . . .        a - +0 shortbow
rCold   . . .        (shield currently unavailable)
rNeg    + . .        d - +0 ring mail
rPois   inf          (no helmet)
rElec   +            (no cloak)
rCorr   .            (no gloves)
SInv    .            (no boots)
Will    .....        (no amulet)
Stlth   +            (no ring)
HPRegen 0.22/turn    (no ring)
MPRegen 0.08/turn

%: no passive effects
@: no status effects
A: sickness immunity, AC +2, negative energy resistance 1, electricity
resistance, torment resistance 1, petrification resistance
a: no special abilities


You were on level 2 of the Dungeon.
You visited 1 branch of the dungeon, and saw 2 of its levels.

You collected 25 gold pieces.


Innate Abilities, Weirdness & Mutations

You are immune to sickness and miasma.
Your stone body is resilient. (AC +2)
You are immune to poison.
You resist negative energy. (rN+)
You are resistant to electric shocks. (rElec)
You are resistant to unholy torment.
You are immune to petrification.


   Skills:
 - Level 2.1 Fighting
 - Level 4.6 Ranged Weapons
 + Level 0.0 Armour
 - Level 1.5 Dodging
 - Level 1.1 Stealth


You had one spell level left.
You didn't know any spells.
Your spell library was empty.

Inventory:

Hand Weapons
 a - a +0 shortbow (weapon)
Armour
 d - a +0 ring mail (worn)
Potions
 e - a potion of attraction {unknown}

Dungeon Overview and Level Annotations

Branches:
Dungeon (2/15)

Altars:

Annotations:
D:2 Terence


Message History

You start putting on your armour.
You continue putting on your +0 ring mail. x5
You finish putting on your +0 ring mail.
244 ||| DROPPING +0 leather armour.
You drop a +0 leather armour.
245 ||| DROPPING scroll of butterflies.
You drop a scroll of butterflies.
What level of the Dungeon? (default 1, ? - help) Terence and a hobgoblin come into view.
Found 10 gold pieces.
Terence shouts!
The hobgoblin shouts!
The hobgoblin moves out of view.
You shoot an arrow.
The arrow hits Terence but does no damage.
You shoot an arrow. The arrow completely misses Terence.
You shoot an arrow.
The arrow hits Terence but does no damage.
You shoot an arrow.
The arrow hits Terence but does no damage.
Terence shouts, "Get ready for death!"
You shoot an arrow.
The arrow hits Terence but does no damage.
The hobgoblin hits you. Terence hits you but does no damage.
You shoot an arrow.
The arrow hits Terence but does no damage.
The hobgoblin hits you but does no damage.
Terence hits you with a +0 falchion.
You shoot an arrow.
The arrow hits Terence but does no damage.
The hobgoblin barely misses you. Terence hits you with a +0 falchion.
You shoot an arrow. The arrow barely misses Terence.
The hobgoblin hits you but does no damage.
Terence barely misses you. Terence hits you with a +0 falchion.
The hobgoblin hits you but does no damage.
You shoot an arrow. The arrow hits Terence.
Terence is lightly wounded.
The hobgoblin barely misses you. Terence hits you but does no damage.
You shoot an arrow.
The arrow hits Terence but does no damage.
Terence is lightly wounded.
The hobgoblin closely misses you. Terence hits you with a +0 falchion.
You die...

#.........$## .
<.......... ..
.....#...# ...
...<#...# #
....#.......# .# #
............##.#.#
......@............
.#.#.#@#..........
......g.?......#...
........#.........
.##.###.#..###.##..
##.
....................
.. ...
.###.##.........
####..#.#
#.##.######.#
.....#.#
####.##.####... #..
..# #..)...........


You could see Terence and a hobgoblin.

Vanquished Creatures
  3 giant cockroaches (D:1)
  4 jackals (D:1)
  A kobold (D:2)
  A quokka (D:1)
  2 ball pythons (D:1)
  A frilled lizard (D:1)
12 creatures vanquished.

Notes
Turn   | Place    | Note
-------+----------+-------------------------------------------
     0 | D:1      | qw the Gargoyle Hunter began the quest for the Orb.
     0 | D:1      | Reached XP level 1. HP: 12/12 MP: 1/1
     0 | D:1      | 0 ||| qw: Version: 0.3-a-83-gcd0e7d8
     0 | D:1      | 0 ||| qw: Game counter: 1841
     0 | D:1      | 0 ||| qw: Melee chars always use a shield: true
     0 | D:1      | 0 ||| qw: God list: Okawaru
     0 | D:1      | 0 ||| qw: Allow faded altars: false
     0 | D:1      | 0 ||| qw: Do Orc after clearing Dungeon:15 true
     0 | D:1      | 0 ||| qw: Do second Lair branch before Depths: true
     0 | D:1      | 0 ||| qw: Lair rune preference: random
     0 | D:1      | 0 ||| qw: Goals: Normal
     0 | D:1      | 0 ||| PLANNING D:1-11
    87 | D:1      | 87 ||| Stepping ~*~*~tactically~*~*~ (retreating).
    97 | D:1      | Reached XP level 2. HP: 10/17 MP: 2/2
   207 | D:1      | You fall into a shaft and drop 1 floor!
   234 | D:2      | 234 ||| UPGRADING to +0 ring mail.
   244 | D:2      | 244 ||| DROPPING +0 leather armour.
   245 | D:2      | 245 ||| DROPPING scroll of butterflies.
   246 | D:2      | Noticed Terence
   254 | D:2      | HP: 4/17 [Terence/+0 falchion (5)]
   256 | D:2      | Slain by Terence

Levels and vault maps discovered:
D:1:      spicycebolla_arrival_xxxplode, layout_loops_ring, nicolae_titane
D:2:      layout_basic, minmay_tetromino_t4, uniq_jessica, uniq_terence

Action                     || total
---------------------------++-------
   Fire: Shortbow          ||    44
 Armour: Leather armour    ||    19
         Ring mail         ||    10
  Dodge: Dodged            ||    24

Table legend:
 A = Non-vault XP
 B = Vault XP
 C = Vault XP percentage of total XP
 D = Non-vault monster count
 E = Vault monster count
 F = Vault count percentage of total count
                 A         B        C        D         E       F
            +---------+---------+-------+---------+---------+-------
      Total |      21 |       0 |   0.0 |      12 |       0 |   0.0
            +---------+---------+-------+---------+---------+-------
        D:1 |      19 |       0 |   0.0 |      11 |       0 |   0.0
        D:2 |       2 |       0 |   0.0 |       1 |       0 |   0.0
            +---------+---------+-------+---------+---------+-------
